 Dungeon Crawl Stone Soup version 0.31-a0-174-g85c54bcb58 (webtiles) character file.

Game seed: 2895473358679838008

19616 Anon1729 the Grappler (level 12, -9/65 HPs)
             Began as a Vine Stalker Fighter on June 15, 2023.
             Was a Follower of Uskayaw.
             Mangled by a cyan ugly thing (11 damage)
             ... on level 11 of the Dungeon.
             The game lasted 00:14:05 (10502 turns).

Anon1729 the Grappler (Vine Stalker Fighter)       Turns: 10502, Time: 00:14:06

Health: -9/65      AC: 12    Str: 23    XL:     12   Next: 70%
Magic:  0/19       EV: 13    Int:  8    God:    Uskayaw [*.....]
Gold:   1143       SH:  6    Dex: 15    Spells: 11/11 levels left

rFire   . .          .
                       - Unarmed
rCold   . . .        d - +0 buckler
rNeg    . . .        p - +0 chain mail
rPois   .            (no helmet)
rElec   .            (no cloak)
rCorr   .            h - +0 pair of gloves
SInv    +            (no boots)
Will    +....        o - amulet of the acrobat Stlth
                     j - +5 ring of evasion
HPRegen 1.10/turn    k - ring of see invisible
MPRegen 0.16/turn

%: acrobat, guardian spirit
@: no status effects
A: fangs 3, regeneration 1, magic shield, antimagic bite, no potion heal 2
a: Renounce Religion, Stomp


You were on level 11 of the Dungeon.
You worshipped Uskayaw.
Uskayaw was aware of your devotion.
You visited 2 branches of the dungeon, and saw 12 of its levels.
You also visited: Ossuary.

You collected 1143 gold pieces.

Inventory:

Armour
 a - a +0 scale mail
 d - a +0 buckler (worn)
 h - a +0 pair of gloves (worn)
 p - a +0 chain mail (worn)
 G - a +5 chain mail of ponderousness
Jewellery
 i - a ring of positive energy
 j - a +5 ring of evasion (left hand)
 k - a ring of see invisible (right hand)
 o - an amulet of the acrobat (around neck)
 s - a ring of magical power
 E - the Hermit's Pendant {Faith Invo=14 Evo=0 MP+5}
   (You took it off a gnoll on level 8 of the Dungeon)

   [amulet of faith]

   Invo=14: It sets your Invocations skill to 14.
   Evo=0: It sets your Evocations skill to 0.
   It allows you to gain divine favour quickly.
   MP:        It affects your magic capacity (+5).
 J - an amulet of regeneration
Scrolls
 c - 2 scrolls of poison
 f - 2 scrolls of teleportation
 g - 2 scrolls of amnesia
 m - a scroll of revelation
 r - a scroll of blinking {unknown}
 v - a scroll of fear
 x - a scroll of vulnerability
 y - 4 scrolls of fog
 z - a scroll of enchant armour
 A - 2 scrolls of immolation {unknown}
 B - 3 scrolls of silence
 D - a scroll of noise {unknown}
 I - 7 scrolls of identify
 K - a scroll of torment {unknown}
Potions
 b - 2 potions of mutation {unknown}
 e - 8 potions of curing
 l - 5 potions of attraction {unknown}
 n - 2 potions of lignification {unknown}
 q - a potion of cancellation {unknown}
 t - a potion of invisibility {unknown}
 u - 2 potions of resistance
 w - 2 potions of haste
 C - a potion of enlightenment
 H - a potion of ambrosia {unknown}
Miscellaneous
 F - a sack of spiders (inert)


   Skills:
 + Level 8.9 Fighting
 + Level 8.2 Armour
 + Level 9.0 Shields
 * Level 9.9 Unarmed Combat
 + Level 9.3 Invocations


You had 11 spell levels left.
You didn't know any spells.
Your spell library contained the following spells:

 Spells                   Type           Power      Damage    Failure   Level
 Foxfire                  Conj/Fire      0%         2x1d4     94%         1
 Hailstorm                Conj/Ice       0%         3d3       100%        3
 Inner Flame              Hex/Fire       0%         N/A       100%        3
 Animate Armour           Summ/Erth      0%         N/A       100%        4
 Flame Wave               Conj/Fire      0%         2d4       100%        4
 Ice Form                 Ice/Tmut       0%         N/A       100%        4
 Sticky Flame             Conj/Fire      0%         2d3       100%        4
 Summon Lightning Spire   Summ/Air       0%         N/A       100%        4
 Blade Hands              Tmut           0%         N/A       100%        5
 Fireball                 Conj/Fire      0%         3d3       100%        5
 Plasma Beam              Fire/Air       0%         2x1d10    100%        6
 Simulacrum               Ice/Necr       0%         N/A       100%        6
 Starburst                Conj/Fire      0%         6d3       100%        6


Dungeon Overview and Level Annotations

Branches:
Dungeon (11/15)            Temple (1/1) D:7         Ossuary (visited)
   Lair: D:8-11         Orc: D:9-12

Altars:
Ashenzari
Cheibriados
Dithmenos
Elyvilon
Fedhas
Gozag
Hepliaklqana
Kikubaaqudgha
Makhleb
Nemelex Xobeh
Okawaru
Qazlal
Ru
Sif Muna
Trog
Uskayaw
Vehumet
Wu Jian
Xom
Yredelemnul
Zin
The Shining One

Annotations:
D:8 3 runed translucent doors, MirrMurr's ghost, novice SpHu


Innate Abilities, Weirdness & Mutations

You have razor-sharp teeth.
Your natural rate of healing is unusually fast.
When hurt, damage is shared between your health and your magic reserves.
Your bite disrupts and absorbs the magic of your enemies.
Potions cannot restore your health.


Message History

The cyan ugly thing closely misses you.
You hit the cyan ugly thing. You bite the cyan ugly thing. You drain its power.
You feel invigorated.
The cyan ugly thing is severely wounded.
The cyan ugly thing barely misses you.
You can now pass through a line of other dancers.
Aiming: Line Pass
Press: ? - help, Dir - move target The cyan ugly thing appears confused.
You can no longer pass through a line of other dancers.
You hit the cyan ugly thing but do no damage.
Your bite misses the cyan ugly thing.
The cyan ugly thing is heavily wounded.
The cyan ugly thing bites you but does no damage.
You punch the cyan ugly thing!
The cyan ugly thing is severely wounded.
The cyan ugly thing seems less confused.
The cyan ugly thing bites you. The cyan ugly thing shocks you!
* * * LOW HITPOINT WARNING * * *
You hit the cyan ugly thing.
The cyan ugly thing is severely wounded.
You hit the cyan ugly thing. Your bite misses the cyan ugly thing.
The cyan ugly thing is severely wounded.
The cyan ugly thing closely misses you.
You hit the cyan ugly thing.
The cyan ugly thing is almost dead.
The cyan ugly thing bites you.
* * * LOW HITPOINT WARNING * * *
The cyan ugly thing shocks you!
* * * LOW HITPOINT WARNING * * *
You hit the cyan ugly thing but do no damage.
You bite the cyan ugly thing. You drain its power.
You feel invigorated.
The cyan ugly thing is almost dead.
You block the cyan ugly thing's attack.
You closely miss the cyan ugly thing. Your bite misses the cyan ugly thing.
The cyan ugly thing is almost dead.
The cyan ugly thing bites you.
* * * LOW HITPOINT WARNING * * *
The cyan ugly thing shocks you!
You die...

#..........#
####..........#
..............#
..............#
....).........#
....#........##
..............#
#...@.......
#....u.....# #
#..........# ..
#.#........... #..
#.##..$.....##### #...
##..##................
#................#..#
....>.........##...
##............##.##


You could see a cyan ugly thing.

Vanquished Creatures
  3 centaur warriors (D:10)
  3 two-headed ogres
  Lodul (D:10)
  A deep elf pyromancer (D:8)
  Pikel (D:8)
  An ugly thing (D:10)
  2 unseen horrors (D:9)
  A gargoyle (D:10)
  A yaktaur (D:10)
  3 kobold demonologists (D:10)
  A freezing wraith (D:10)
  8 trolls
  2 hornets
  3 shadows
  A slime creature (D:9)
  A wyvern (D:10)
  22 yaks
  Grum (D:11)
  2 acid dragons (D:10)
  A water moccasin (D:7)
  An ice beast (D:5)
  3 orc warriors
  A black bear (D:4)
  8 ogres
  4 wolves
  8 centaurs
  4 kobold brigands
  A phantom (D:6)
  4 elf zombies
  6 scorpions
  A bullfrog (D:7)
  2 gnoll sergeants
  An elf skeleton (D:8)
  6 wights
  9 killer bees
  2 howler monkeys
  A centaur zombie (Ossuary)
  A hound (D:6)
  2 human zombies (D:8)
  2 jellies (D:4)
  6 orc priests
  3 gnoll boudas
  3 sleepcaps
  7 iguanas
  13 orc wizards
  2 mummies (Ossuary)
  4 adders
  13 gnolls
  2 shadow imps (D:5)
  A white imp (D:5)
  2 ufetubi
  An adder zombie (Ossuary)
  A dart slug (D:5)
  37 orcs
  5 endoplasms
  A giant cockroach (D:3)
  4 goblins
  6 hobgoblins
  11 jackals
  2 quokkas
  5 ball pythons
  4 bats
  5 frilled lizards
  2 goblin zombies (Ossuary)
  9 hobgoblin zombies (Ossuary)
  3 jackal zombies (Ossuary)
  31 kobolds
  7 kobold zombies (Ossuary)
  13 orc zombies
  6 rats
335 creatures vanquished.

Vanquished Creatures (collateral kills)
  A two-headed ogre (D:9)
1 creature vanquished.

Vanquished Creatures (others)
  A centaur (D:10)
1 creature vanquished.

Grand Total: 337 creatures vanquished

Notes
Turn   | Place    | Note
-------+----------+-------------------------------------------
     0 | D:1      | Anon1729 the Vine Stalker Fighter began the quest for the
                  | Orb.
     0 | D:1      | Reached XP level 1. HP: 11/11 MP: 2/2
    71 | D:1      | Reached XP level 2. HP: 16/16 MP: 3/3
   789 | D:1      | Found a faded altar of an unknown god.
   840 | D:2      | Reached XP level 3. HP: 16/19 MP: 2/4
   942 | D:2      | Reached skill level 1 in Invocations
  1751 | D:3      | Gained mutation: Your natural rate of healing is unusually
                  | fast. [Vine Stalker growth]
  1751 | D:3      | Reached XP level 4. HP: 23/24 MP: 5/5
  2209 | D:3      | Noticed a scorpion
  2226 | D:3      | Killed a scorpion
  2227 | D:3      | Reached XP level 5. HP: 28/28 MP: 7/7
  2244 | D:3      | Noticed an ogre
  2255 | D:3      | Killed an ogre
  2643 | D:4      | You fall into a shaft and drop 2 floors!
  2669 | D:6      | Reached XP level 6. HP: 30/32 MP: 8/8
  2791 | D:6      | Found a sacrificial altar of Ru.
  2852 | D:6      | Found a stormy altar of Qazlal.
  2992 | D:5      | Entered Level 5 of the Dungeon
  3095 | D:4      | Reached XP level 7. HP: 15/37 MP: 3/10
  3160 | D:4      | Found a glowing silver altar of Zin.
  3933 | D:4      | Gained mutation: You have razor-sharp teeth. [Vine Stalker
                  | growth]
  3933 | D:4      | Reached XP level 8. HP: 34/42 MP: 11/11
  4419 | D:5      | Found a sparkling altar of Nemelex Xobeh.
  4904 | D:5      | Reached skill level 5 in Shields
  4904 | D:5      | Reached skill level 5 in Unarmed Combat
  5018 | D:6      | Reached skill level 5 in Fighting
  5378 | D:7      | Reached XP level 9. HP: 25/47 MP: 8/13
  5504 | D:7      | Reached skill level 5 in Invocations
  5575 | D:7      | Found a staircase to the Ecumenical Temple.
  5590 | D:7      | Reached skill level 5 in Armour
  5704 | D:7      | Found a snail-covered altar of Cheibriados.
  5865 | D:7      | Found a shadowy altar of Dithmenos.
  5970 | Temple   | Entered the Ecumenical Temple
  6003 | D:8      | Noticed a hornet
  6006 | D:8      | Paralysed by a hornet for 3 turns
  6021 | D:8      | Paralysed by a hornet for 3 turns
  6025 | D:8      | Killed a hornet
  6157 | D:8      | Found a bloodstained altar of Trog.
  6164 | D:8      | Found a blossoming altar of Fedhas.
  6289 | D:8      | Found a sand-covered staircase.
  6299 | Ossuary  | Entered an ossuary
  6657 | D:8      | Reached XP level 10. HP: 53/53 MP: 15/15
  7220 | D:8      | Found a runed translucent gate.
  7220 | D:8      | Found a runed translucent gate.
  7221 | D:8      | Found a runed translucent gate.
  7254 | D:8      | Noticed MirrMurr's ghost (novice SpHu)
  7353 | D:8      | Noticed a deep elf pyromancer
  7374 | D:8      | Killed a deep elf pyromancer
  7381 | D:8      | Noticed a white ugly thing
  7386 | D:8      | HP: 2/53 [white ugly thing (22)]
  7796 | D:9      | Found a shimmering altar of Xom.
  7834 | D:9      | Noticed Pikel
  7842 | D:9      | Noticed a two-headed ogre
  7934 | D:8      | Killed Pikel
  8063 | D:9      | Noticed a two-headed ogre
  8072 | D:9      | Killed a two-headed ogre
  8096 | D:9      | Killed a two-headed ogre
  8097 | D:9      | Reached XP level 11. HP: 46/58 MP: 12/17
  8211 | D:9      | Found an ancient bone altar of Kikubaaqudgha.
  8212 | D:9      | Found a hide-covered altar of Uskayaw.
  8212 | D:9      | Found a hazy altar of Hepliaklqana.
  8212 | D:9      | Found an ornate altar of the Wu Jian Council.
  8214 | D:9      | Found a glowing golden altar of the Shining One.
  8215 | D:9      | Found a basalt altar of Yredelemnul.
  8221 | D:9      | Became a worshipper of Uskayaw the Reveller
  8273 | D:9      | Reached * piety under Uskayaw
  8423 | D:10     | Entered Level 10 of the Dungeon
  8437 | D:9      | Reached ** piety under Uskayaw
  8475 | D:9      | Reached *** piety under Uskayaw
  8593 | D:10     | Reached **** piety under Uskayaw
  8595 | D:10     | Reached ***** piety under Uskayaw
  9004 | D:10     | Reached ****** piety under Uskayaw
  9018 | D:10     | Noticed Lodul
  9085 | D:10     | Killed Lodul
  9164 | D:10     | Noticed a two-headed ogre
  9167 | D:10     | Noticed a centaur warrior
  9168 | D:10     | Noticed a cyan ugly thing
  9180 | D:10     | Killed a centaur warrior
  9180 | D:10     | Killed a two-headed ogre
  9181 | D:10     | Reached XP level 12. HP: 39/65 MP: 16/19
  9332 | D:10     | Noticed a centaur warrior
  9341 | D:10     | Killed a centaur warrior
  9359 | D:10     | Noticed a boulder beetle
  9400 | D:10     | HP: 1/65 [boulder beetle (35)]
  9496 | D:10     | Paralysed by a hornet for 2 turns
  9662 | D:10     | Identified the +1 long sword of the Inferno {elec, rPois
                  | rF+ Will+ Int+3}
  9964 | D:10     | Noticed a two-headed ogre
  9973 | D:10     | Killed a two-headed ogre
 10170 | D:10     | Noticed a centaur warrior
 10180 | D:10     | Killed a centaur warrior
 10423 | D:11     | Noticed Grum
 10433 | D:11     | Killed Grum
 10500 | D:11     | HP: 1/65 [cyan ugly thing (9)]
 10502 | D:11     | Mangled by a cyan ugly thing

Illustrated notes

Levels and vault maps discovered:
D:1:      dpeg_arrival_lava_temple_mockup, layout_loops_cross,
          shapermc_ecumenical_altar_mp_vishouse,
          hangedman_abyss_or_decor_lesser_grid, kennysheep_decorative_pillar
D:2:      layout_loops_ring
D:3:      minmay_wonky_spiral, layout_basic, minmay_misc_feat_encased,
          minmay_misc_feat_room, st_stairs_4, minmay_goblin_kobold_house
D:4:      layout_basic, zin_academy
D:5:      layout_cave_pods, marbit_many_paths
D:6:      layout_cave_pools, nicolae_ru_the_path_less_chosen,
          mainiacjoe_overflow_alcove_1, palyth_stone_intersect
D:7:      layout_rooms, nicolae_overflow_crystal_walls, general_overflow_altar,
          minmay_temple_entry_glass
D:8:      layout_loops_cross, mainiacjoe_overflow_boulevard, kennysheep_mini,
          nicolae_ossuary_entry_catacombs, ebering_ghost_rock_garden,
          chequers_decorated_corner, minmay_radiant
D:9:      layout_cave_pools, lemuel_crystal_altar, grunt_temple_overflow_open,
          uniq_pikel
D:10:     minmay_imperfect_grid, layout_cross, minmay_pinched_square, uniq_lodul
D:11:     layout_rooms, david_lair_generic, orc_0_dummy, serial_shops, shop,
          yredelemnul_forgotten_temple_becter, uniq_grum
Temple:   hellmonk_temple_two_chambers

Skill      XL: |  1  2  3  4  5  6  7  8  9 10 11 12 |
---------------+-------------------------------------+-----
Invocations    | 1 2 3 4 6 7 8 9 |  9.3
Fighting       | 3 4 5 6 7 8 |  8.9
Shields        | 3 4 5 6 7 8 9 |  9.0
Armour         | 3 4 5 6 7 8 |  8.2
Unarmed Combat | 3 4 5 6 7 8 9 |  9.9

Action                     |  1- 3 |  4- 6 |  7- 9 | 10-12 || total
---------------------------+-------+-------+-------+-------++-------
  Melee: Unarmed           |   140 |   173 |   633 |   561 ||  1507
         Bite              |    31 |    56 |   204 |   216 ||   507
 Invoke: Line Pass         |       |       |       |     2 ||     2
         Stomp             |       |       |       |     1 ||     1
         Grand Finale      |       |       |       |     2 ||     2
  Evoke: Wand              |       |       |     4 |       ||     4
    Use: Potion            |     1 |       |     2 |     2 ||     5
         Scroll            |       |     7 |     3 |     7 ||    17
   Stab: Paralysed         |       |       |       |    42 ||    42
 Armour: Scale mail        |    45 |       |       |       ||    45
         Chain mail        |       |    41 |   251 |   201 ||   493
  Dodge: Dodged            |    68 |    77 |   452 |   453 ||  1050
  Block: Buckler           |    19 |    32 |   190 |   180 ||   421

Table legend: (Time is in decaauts)
 A = Elapsed time spent in this place.
 B = Non-inter-level travel time spent in this place.
 C = Inter-level travel time spent in this place.
 D = Time resting spent in this place.
 E = Time spent auto-exploring this place.
 F = Levels seen in this place.
 G = Mean time per level.
                   A        B        C        D        E       F      G
               +--------+--------+--------+--------+--------+-----+--------+
         Total |  10394 |   9856 |    538 |    867 |   6220 |  13 |  799.5 |
       Dungeon |  10045 |   9513 |    532 |    801 |   6119 |  11 |  913.2 |
        Temple |     17 |     12 |      5 |      0 |     11 |   1 |   17.0 |
       Ossuary |    330 |    330 |      0 |     66 |     90 |   1 |  330.0 |
               +--------+--------+--------+--------+--------+-----+--------+

Top non-repeatable levels by time:
    D:10: 1484 daAuts
     D:8: 1373 daAuts
     D:3: 1169 daAuts
     D:4: 1028 daAuts
     D:9: 965 daAuts
     D:5: 925 daAuts
     D:1: 820 daAuts
     D:6: 751 daAuts
     D:7: 698 daAuts
     D:2: 671 daAuts
 Ossuary: 330 daAuts
    D:11: 156 daAuts
  Temple: 17 daAuts
